 Dungeon Crawl Stone Soup version 0.17-a0-1479-g4041c36 (webtiles) character file.

231 amnekian the Insei (level 6, -7/38 HPs)
             Began as an Octopode Transmuter on July 3, 2015.
             Mangled by a crocodile (12 damage)
             ... on level 5 of the Dungeon.
             The game lasted 00:16:56 (4580 turns).

amnekian the Insei (Octopode Transmuter)            Turns: 4580, Time: 00:16:57

Health: -7/38      AC:  2    Str:  9    XL:     6   Next: 3%
Magic:  0/9        EV: 20    Int: 16    God:
Gold:   207        SH:  0    Dex: 19    Spells: 3 memorised, 3 levels left

rFire  . . .     SeeInvis .       - Unarmed
rCold  . . .     Clarity  .     (shield currently unavailable)
rNeg   . . .     SustAt   .     (helmet currently unavailable)
rPois  x         Gourm    .     (no amulet)
rElec  .         Spirit   .     i - ring of protection from magic
rCorr  .         Warding  .     (no ring)
rMut   .         Stasis   .     (no ring)
MR     +....                    (no ring)
Stlth  +++.......               (no ring)
                                (no ring)
                                (no ring)
                                (no ring)

@: spider-form, somewhat resistant to hostile enchantments, fairly stealthy
A: almost no armour, amphibious, 8 rings, (constrict 8), (camouflage 0),
(gelatinous body 0)
a: End Transformation


You were on level 5 of the Dungeon.
You were not hungry.
You were a venomous arachnid creature.
You visited 1 branch of the dungeon, and saw 5 of its levels.

You collected 207 gold pieces.

Inventory:

Hand weapons
 n - a +0 blowgun
Missiles
 a - 42 arrows
 d - 75 stones (quivered)
Jewellery
 i - a ring of protection from magic (left front leg)
 s - a cursed amulet of inaccuracy {unknown}
Magical devices
 v - a wand of polymorph (12)
Scrolls
 f - a scroll of remove curse {unknown}
 g - 2 scrolls of amnesia
 j - 3 scrolls of teleportation
 k - a scroll of fog {unknown}
 l - a scroll of blinking {unknown}
 o - a scroll of enchant armour {unknown}
 t - a scroll of noise {unknown}
Potions
 e - a potion of magic
 h - 4 potions of heal wounds
 p - a potion of brilliance
 r - a potion of invisibility
 u - a potion of curing
Books
 b - a book of Changes

   Spells                             Type                      Level
   a - Beastly Appendage              Transmutation                1
   b - Sticks to Snakes               Transmutation                2
   c - Spider Form                    Transmutation/Poison         3
   d - Ice Form                       Ice/Transmutation            4
   e - Blade Hands                    Transmutation                5
Comestibles
 c - 4 bread rations
 m - a royal jelly


   Skills:
 - Level 1.0 Fighting
 - Level 2.0 Dodging
 - Level 3.3 Stealth
 * Level 4.7 Unarmed Combat
 - Level 2.0 Spellcasting
 - Level 2.5 Transmutations
 - Level 3.6 Poison Magic


You had 3 spell levels left.
You knew the following spells:

 Your Spells              Type           Power        Failure   Level  Hunger
a - Beastly Appendage     Trmt           #.....       24%         1    #......
b - Sticks to Snakes      Trmt           #.........   28%         2    ###....
c - Spider Form           Trmt/Pois      ##........   36%         3    ###....


Dungeon Overview and Level Annotations

Branches:
Dungeon (5/15)
 Temple: D:4-7

Altars:
Ru
Vehumet

Annotations:
D:2 Terence
D:4 exclusions: iguana and orc wizard, Robin


Innate Abilities, Weirdness & Mutations

You cannot wear most types of armour.
You are amphibious.
You can wear up to eight rings at the same time.
((You can use your tentacles to constrict eight enemies at once.))
((Your skin changes colour to match your surroundings (Stealth).))
((Your rubbery body absorbs attacks (AC +1).))


Message History

Confirm with . or Enter, or press ? or * to list all spells.
You create a snake!
Casting: Sticks to Snakes
Confirm with . or Enter, or press ? or * to list all spells.
You create a snake!
Your ball python bites the crocodile but does no damage. x2
Casting: Sticks to Snakes
Confirm with . or Enter, or press ? or * to list all spells.
You turn into a venomous arachnid creature.
Your ball python bites the crocodile but does no damage.
You hit the crocodile.
The crocodile is poisoned.
The crocodile is lightly wounded.
Your ball python bites the crocodile.
The crocodile bites you!!
Ouch! That really hurt!
* * * LOW HITPOINT WARNING * * *
Your ball python bites the crocodile but does no damage.
Your ball python barely misses the crocodile.
Your ball python barely misses the crocodile. x2
The crocodile bites you!
You die...

#........#
##..........##
##............##
#..............##
##...............
##...............#
#.............S.(#
#...<........St<#
##............Ss#
#...<....)....##
##............
#............
##.(.........
#.........$.
#...........
.......


You could see a crocodile and 3 friendly ball pythons.

Vanquished Creatures
  A scorpion (D:4)
  An iguana (D:4)
  A worker ant (D:4)
  A gnoll (D:1)
  5 adders
  3 worms
  3 giant geckos
  An orc (D:4)
  2 ball pythons
  A bat skeleton (D:4)
  10 hobgoblins
  A quokka (D:2)
  6 bats
  4 giant cockroaches
  3 giant newts
  15 goblins
  11 kobolds
  9 rats
78 creatures vanquished.

Vanquished Creatures (collateral kills)
  An adder (D:2)
  A giant newt (D:2)
2 creatures vanquished.

Grand Total: 80 creatures vanquished

Notes
Turn   | Place    | Note
--------------------------------------------------------------
     0 | D:1      | amnekian the Octopode Transmuter began the quest for the Orb.
     0 | D:1      | Reached XP level 1. HP: 13/13 MP: 3/3
   135 | D:1      | Reached skill level 1 in Stealth
   449 | D:1      | Reached XP level 2. HP: 18/18 MP: 5/5
   509 | D:1      | Learned a level 2 spell: Sticks to Snakes
  1089 | D:2      | You fall through a shaft for 2 floors!
  1177 | D:4      | Noticed Robin
  1213 | D:4      | Reached XP level 3. HP: 23/23 MP: 6/6
  1246 | D:4      | Learned a level 3 spell: Spider Form
  1293 | D:4      | Noticed a phantom
  1293 | D:4      | Noticed a scorpion
  1309 | D:4      | Killed a scorpion
  1309 | D:4      | Reached XP level 4. HP: 8/28 MP: 1/7
  1655 | D:4      | Reached XP level 5. HP: 16/33 MP: 6/8
  2424 | D:2      | Found a radiant altar of Vehumet.
  2457 | D:2      | Noticed Terence
  2632 | D:2      | Found a sacrificial altar of Ru.
  2712 | D:2      | Reached skill level 4 in Unarmed Combat
  4105 | D:4      | Reached XP level 6. HP: 32/38 MP: 7/9
  4484 | D:5      | Entered Level 5 of the Dungeon
  4580 | D:5      | Mangled by a crocodile

Vault maps used:
D:1:      minmay_arrival_diagonal_passages, minmay_misc_feat_five
D:2:      fiery_altar_vehumet, hangedman_ru_absence, uniq_terence
D:3:      kennysheep_generic_room_8
D:4:      first_bread, uniq_robin
D:5:      nicolae_overflow_hidden_temple, gup_ossuary_entry_pyramid,
          minmay_fountain_box

Action                   |  1- 3 |  4- 6 || total
-------------------------+-------+-------++-------
Melee: Unarmed           |    44 |   136 ||   180
Throw: Stone             |       |    10 ||    10
 Cast: Beastly Appendage |     7 |    10 ||    17
       Sticks to Snakes  |     3 |     4 ||     7
       Spider Form       |     1 |     7 ||     8
Evoke: Wand              |       |     1 ||     1
  Use: Scroll            |     2 |     5 ||     7
 Stab: Sleeping          |     6 |    14 ||    20
  Eat: Chunk             |     1 |     7 ||     8
       Meat ration       |       |     1 ||     1
